 Dungeon Crawl Stone Soup version 0.25-a0-294-gea9b1ad378 (webtiles) character file.

Game seed: 15402987554082441955, levelgen mode: deterministic

26800 Roikka the Destroyer (level 13, -7/113 HPs)
             Began as a Yellow Draconian Conjurer on Dec 17, 2019.
             Was a High Priest of Sif Muna.
             Mangled by a polar bear (11 damage)
             ... on level 3 of the Lair of Beasts.
             The game lasted 01:25:51 (21265 turns).

Roikka the Destroyer (Yellow Draconian Conjurer)   Turns: 21265, Time: 01:25:51

Health: -7/113     AC: 11    Str: 11    XL:     13   Next: 0%
Magic:  4/25       EV: 14    Int: 23    God:    Sif Muna [*****.]
Gold:   717        SH:  7    Dex: 13    Spells: 4/29 levels left

rFire    + . .     SeeInvis .   c - +0 dagger "Lytemmyas" {pierce, Int+4 Stlth+} (curse)
rCold    . . .     Gourm    .   K - +2 buckler
rNeg     . . .     Faith    +   (armour unavailable)
rPois    .         Spirit   .   (helmet restricted)
rElec    .         Reflect  .   G - +0 cloak
rCorr    +         Harm     .   e - +1 pair of gloves
MR       .....                  (no boots)
Stlth    +++.......             r - amulet of faith
HPRegen  0.28/turn              n - ring of protection from fire
MPRegen  0.19/turn              y - ring of wizardry

@: invisible
A: spit acid, unfitting armour, cold-blooded, acid resistance, AC +8
a: Breathe Acid, Channel Magic, Forget Spell, Divine Exegesis, Renounce Religion


You were on level 3 of the Lair of Beasts.
You worshipped Sif Muna.
Sif Muna was extremely pleased with you.
You were not hungry.

You visited 3 branches of the dungeon, and saw 17 of its levels.
You also visited: Ossuary.

You collected 717 gold pieces.

Inventory:

Hand Weapons
 c - the cursed +0 dagger "Lytemmyas" (weapon) {pierce, Int+4 Stlth+}
   (You found it on level 4 of the Dungeon)

   It inflicts extra damage upon your enemies.
   It affects your intelligence (+4).
   It makes you more stealthy.
   It has a curse placed upon it.
 j - a +4 dagger of venom
Missiles
 H - 4 silver boomerangs (quivered)
Armour
 e - a +1 pair of gloves (worn)
 C - a cursed +0 shield
 G - a +0 cloak (worn)
 K - a +2 buckler (worn)
Jewellery
 a - an uncursed ring of fire
 g - an uncursed amulet of regeneration
 n - a ring of protection from fire (left hand)
 o - an uncursed ring of see invisible
 r - an amulet of faith (around neck)
 y - a ring of wizardry (right hand)
 I - an uncursed ring of ice
 L - an uncursed ring of fire
Wands
 q - a wand of flame (6)
 J - a wand of digging (5)
 M - a wand of clouds (14)
Scrolls
 f - 2 scrolls of blinking
 k - 9 scrolls of teleportation
 l - 2 scrolls of enchant armour
 m - 2 scrolls of amnesia
 p - 11 scrolls of remove curse
 t - a scroll of fog
 x - 2 scrolls of fear
Potions
 d - 3 potions of magic
 h - 7 potions of curing
 i - 7 potions of lignification
 s - 2 potions of heal wounds {unknown}
 u - 2 potions of flight {unknown}
 v - a potion of resistance {unknown}
 w - 3 potions of agility {unknown}
 z - 3 potions of brilliance {unknown}
 A - a potion of might {unknown}
 D - a potion of degeneration {unknown}
 E - 4 potions of mutation {unknown}
Comestibles
 b - 24 rations


   Skills:
 + Level 10.2 Fighting
 - Level 4.2 Dodging
 - Level 1.7 Stealth
 - Level 4.2 Shields
 + Level 8.9 Spellcasting
 + Level 10.9 Conjurations
 - Level 5.1 Hexes
 - Level 5.0 Translocations
 - Level 6.0 Fire Magic
 * Level 7.0 Earth Magic
 + Level 6.2 Invocations


You had 4 spell levels left.
You knew the following spells:

 Your Spells              Type           Power        Failure   Level  Hunger
a - Magic Dart            Conj           ####         1%          1    None
b - Searing Ray           Conj           ######       1%          2    None
c - Dazzling Flash        Conj/Hex       #####.       1%          3    None
d - Fulminant Prism       Conj/Hex       #####.....   1%          4    ##.....
e - Iskenderun's Mystic   Conj/Tloc      #####...     1%          4    ##.....
f - Iron Shot             Conj/Erth      ######....   10%         6    ######.
g - Bolt of Magma         Conj/Fire/Erth #####.....   2%          5    ####...

Your spell library contained the following spells:

 Spells                   Type           Power        Failure   Level  Hunger
 Slow                     Hex            ####....     1%          2    None
 Inner Flame              Hex/Fire       #####...     1%          3    None
 Leda's Liquefaction      Hex/Erth       #####.....   1%          4    ##.....
 Beastly Appendage        Tmut           ##....       2%          1    None
 Sticks to Snakes         Tmut           ##......     4%          2    None
 Spider Form              Tmut/Pois      ##........   8%          3    None
 Ice Form                 Ice/Tmut       ##......     26%         4    ##.....
 Yara's Violent Unravell  Hex/Tmut       ###.......   24%         5    ####...
 Darkness                 Hex            ####......   41%         6    ######.
 Blade Hands              Tmut           ##........   54%         5    ####...
 Statue Form              Tmut/Erth      ####.....    63%         6    ######.
 Shatter                  Erth           #####.....   100%        9    #######


Dungeon Overview and Level Annotations

Branches:
Dungeon (12/15)            Temple (1/1) D:6            Lair (4/6) D:9
 Shoals (0/4) Lair:3        Snake (0/4) Lair:2          Orc (0/2) D:11
Ossuary (visited)

Altars:
Ashenzari
Dithmenos
Fedhas
Gozag
Hepliaklqana
Makhleb
Sif Muna
Trog
Vehumet
Wu Jian
The Shining One

Portals:
Ice
Cave: Lair:4

Annotations:
Lair:2 exclusion: 4 oklob plants
Lair:3 exclusion: 4 oklob plants


Innate Abilities, Weirdness & Mutations

You can spit globs of acid.
Your golden yellow scales are hard. (AC +8)
You cannot fit into any form of body armour.
You are cold-blooded and may be slowed by cold attacks.
You are resistant to acid. (rCorr)


Message History

The polar bear claws you but does no damage. x2
The polar bear bites you!
The polar bear claws you but does no damage.
The polar bear closely misses you.
You see here 25 stones.
The polar bear bites you!
The polar bear claws you but does no damage.
The polar bear misses you.
Casting: Searing Ray (safe; 1% risk of failure)
Confirm with . or Enter, or press ? or * to list all spells.
Okay, then.
You block the polar bear's attack. The polar bear claws you.
* * * LOW HITPOINT WARNING * * *
You block the polar bear's attack. The polar bear bites you!!
* * * LOW HITPOINT WARNING * * *
The polar bear misses you. The polar bear barely misses you.
You fade into invisibility!
The polar bear bites you!
You die...

.$$P.P....## ##.# #..##
#.### #####....## #.#
#..####.###
####.P####.#####.....#.##.
#...##P...##.##.P.......
##.###...............###
##.##..###.P###.......##
#......#.#.####...###.##
##............#..## #..#
##...h@.........# ##..#
#....##....#.#.###P.##
##..####........##.....
#...####...............
#P.##........P.........
#.(#.≈≈..>....#........
#...≈≈≈≈≈.≈≈.##.#......
##..≈≈≈≈≈≈≈≈≈...#......
#..≈≈≈≈≈≈≈≈≈≈#.##<...#


You could see a polar bear (berserk).

Vanquished Creatures
  Erolcha (D:9)
  2 hydras (Lair:3)
  A two-headed ogre (D:9)
  2 death yaks
  Pikel (D:7)
  A black mamba (Lair:3)
  2 torpor snails
  6 spiny frogs
  A rime drake (Lair:2)
  A komodo dragon (Lair:1)
  2 trolls (D:9)
  A queen bee (Lair:2)
  2 polar bears (Lair:4)
  Prince Ribbit (D:7)
  A slime creature (Lair:3)
  13 hippogriffs
  9 blink frogs
  4 wyverns
  15 yaks
  A human (D:7)
  3 hogs (D:7)
  4 basilisks
  Menkaure (D:7)
  3 wargs (D:9)
  10 water moccasins
  7 porcupines
  3 orc warriors
  2 eyes of draining
  4 sky beasts
  A slave (D:7)
  2 ice beasts
  A phantom (D:7)
  A necrophage (D:7)
  3 ogres
  2 wolves
  A centaur (D:9)
  2 big kobolds
  8 crocodiles
  12 bullfrogs
  A water moccasin zombie (D:7)
  9 scorpions
  33 killer bees
  6 wights
  6 electric eels (D:7)
  10 crimson imps
  A bullfrog zombie (D:10)
  4 howler monkeys
  A centaur zombie (Ossuary)
  2 quasits (D:10)
  6 hounds
  Crazy Yiuf (D:6)
  2 centaur skeletons (D:6)
  2 human zombies (Ossuary)
  9 jellies
  12 orc wizards
  4 orc priests
  A bullfrog skeleton (D:5)
  An iguana (D:10)
  6 worker ants
  4 hell rats (Lair:3)
  A big kobold zombie (Ossuary)
  A hound zombie (D:7)
  2 hound skeletons
  3 mummies (Ossuary)
  2 worker ant zombies
  7 gnolls
  5 adders
  A scorpion zombie (Ossuary)
  3 shadow imps
  A white imp (D:6)
  10 oozes
  2 adder skeletons (D:4)
  7 worms
  4 leopard geckos
  21 orcs
  4 giant cockroaches
  4 gnoll zombies (Ossuary)
  7 goblins
  9 hobgoblins
  9 jackals
  11 kobolds
  2 quokkas (D:6)
  3 ball pythons
  2 bats
  9 frilled lizards
  3 goblin zombies (Ossuary)
  A leopard gecko skeleton (D:5)
  3 orc zombies (Ossuary)
  3 quokka skeletons
  5 rats
403 creatures vanquished.

Vanquished Creatures (others)
  3 slaves (D:7)
  A sky beast (D:7)
  A scorpion (Ossuary)
  A scorpion zombie (Ossuary)
  2 fulminant prisms (Lair:3)
  10 fungi
  8 plants
26 creatures vanquished.

Grand Total: 429 creatures vanquished

Notes
Turn   | Place    | Note
-------+----------+-------------------------------------------
     0 | D:1      | Roikka the Draconian Conjurer began the quest for the Orb.
     0 | D:1      | Reached XP level 1. HP: 14/14 MP: 3/3
   338 | D:1      | Reached XP level 2. HP: 10/20 MP: 0/5
   394 | D:1      | Learned a level 2 spell: Searing Ray
   940 | D:2      | Reached skill level 1 in Fighting
  1188 | D:2      | Reached XP level 3. HP: 26/28 MP: 0/6
  1290 | D:2      | Noticed a moth of wrath
  1293 | D:2      | Found a bloodstained altar of Trog.
  2186 | D:3      | Learned a level 3 spell: Dazzling Flash
  2342 | D:3      | Reached XP level 4. HP: 32/36 MP: 2/8
  2452 | D:2      | Reached skill level 5 in Conjurations
  2596 | D:3      | Noticed a sky beast
  2608 | D:3      | Killed a sky beast
  2608 | D:3      | Reached skill level 1 in Hexes
  2608 | D:3      | Reached XP level 5. HP: 37/44 MP: 1/10
  2905 | D:3      | Found a hazy altar of Hepliaklqana.
  2934 | D:3      | Reached XP level 6. HP: 51/51 MP: 6/11
  3124 | D:3      | Learned a level 4 spell: Fulminant Prism
  3673 | D:4      | Got a smoking dagger
  4092 | D:4      | Your scales start taking on a golden yellow colour.
  4092 | D:4      | Reached XP level 7. HP: 48/58 MP: 4/13
  4092 | D:4      | Gained mutation: You are resistant to acid. (rCorr) [Yellow
                  | Draconian growth]
  4215 | D:4      | Identified the cursed +0 dagger "Lytemmyas" {pierce, Int+4
                  | Stlth+} (You found it on level 4 of the Dungeon)
  4611 | D:5      | Entered Level 5 of the Dungeon
  4630 | D:5      | Learned a level 4 spell: Iskenderun's Mystic Blast
  5017 | D:5      | Reached skill level 1 in Translocations
  5174 | D:5      | Found a shimmering blue altar of Sif Muna.
  5177 | D:5      | Became a worshipper of Sif Muna the Loreminder
  5514 | D:6      | You fall into a shaft and drop 3 floors!
  5515 | D:9      | Noticed a hippogriff
  5523 | D:9      | Killed a hippogriff
  5523 | D:9      | Reached skill level 5 in Fighting
  5523 | D:9      | Reached XP level 8. HP: 24/68 MP: 1/14
  5615 | D:9      | Noticed Erolcha
  5661 | D:10     | Entered Level 10 of the Dungeon
  5817 | D:9      | Killed Erolcha
  5817 | D:9      | Reached skill level 5 in Spellcasting
  5817 | D:9      | Reached XP level 9. HP: 15/78 MP: 0/16
  6089 | D:8      | Found a shadowy altar of Dithmenos.
  6111 | D:8      | Found a sand-covered staircase.
  6115 | Ossuary  | Entered an ossuary
  6643 | Ossuary  | Reached * piety under Sif Muna
  7047 | D:8      | Found a burning altar of Makhleb.
  7288 | D:7      | Noticed Pikel
  7306 | D:7      | Killed Pikel
  7499 | D:6      | Found a staircase to the Ecumenical Temple.
  7510 | Temple   | Entered the Ecumenical Temple
  8142 | D:6      | Found a runed translucent door.
  8143 | D:6      | Noticed Crazy Yiuf
  8149 | D:6      | Killed Crazy Yiuf
  8293 | D:7      | Reached XP level 10. HP: 67/88 MP: 9/19
  8385 | D:7      | Found an ornate altar of the Wu Jian Council.
  8393 | D:7      | Found a shattered altar of Ashenzari.
  8394 | D:7      | Found a glowing golden altar of the Shining One.
  8457 | D:7      | Found an opulent altar of Gozag.
  8549 | D:7      | Noticed Menkaure
  8555 | D:7      | Killed Menkaure
  8988 | D:7      | Reached ** piety under Sif Muna
  9238 | D:7      | Noticed Prince Ribbit
  9260 | D:7      | Killed Prince Ribbit
  9260 | D:7      | Reached skill level 1 in Shields
 10238 | D:8      | Found a radiant altar of Vehumet.
 10315 | D:8      | Found a blossoming altar of Fedhas.
 10775 | D:9      | Reached skill level 1 in Invocations
 10839 | D:9      | Reached skill level 5 in Translocations
 10942 | D:9      | Found a staircase to the Lair.
 11005 | D:9      | Noticed a two-headed ogre
 11016 | D:9      | Killed a two-headed ogre
 11016 | D:9      | Reached skill level 5 in Hexes
 11645 | D:9      | Reached *** piety under Sif Muna
 11885 | D:10     | Reached XP level 11. HP: 94/94 MP: 15/21
 11990 | D:10     | Learned a level 6 spell: Iron Shot
 12280 | D:10     | Reached skill level 1 in Earth Magic
 13361 | D:11     | You fall into a shaft and drop 1 floor!
 13398 | D:11     | Found a staircase to the Orcish Mines.
 13697 | D:11     | Noticed a deep elf mage
 13742 | Lair:1   | Entered Level 1 of the Lair of Beasts
 13876 | D:9      | Reached **** piety under Sif Muna
 15107 | Lair:2   | Found a staircase to the Snake Pit.
 15114 | Lair:2   | Reached skill level 10 in Conjurations
 15333 | Lair:2   | Learned a level 5 spell: Bolt of Magma
 15492 | Lair:2   | Reached skill level 1 in Fire Magic
 15826 | Lair:2   | Reached skill level 5 in Earth Magic
 16051 | Lair:1   | Reached ***** piety under Sif Muna
 16631 | Lair:1   | Reached XP level 12. HP: 90/104 MP: 18/24
 16703 | Lair:2   | Identified Xifepn's Catalogue of Igneous Bewitchment (Sif
                  | Muna gifted it to you on level 2 of the Lair of Beasts)
 16703 | Lair:2   | Received a gift from Sif Muna
 17200 | Lair:2   | Reached skill level 5 in Invocations
 17416 | Lair:2   | Noticed a death yak
 17421 | Lair:2   | Noticed a death yak
 17640 | Lair:1   | Killed a death yak
 18322 | Lair:2   | Killed a death yak
 18760 | Lair:2   | Reached skill level 5 in Fire Magic
 19252 | Lair:3   | Noticed a four-headed hydra
 19259 | Lair:3   | Killed a four-headed hydra
 19259 | Lair:3   | Reached skill level 10 in Fighting
 20289 | Lair:3   | Found a staircase to the Shoals.
 20304 | Lair:3   | Noticed an eight-headed hydra
 20312 | Lair:3   | Killed an eight-headed hydra
 21208 | Lair:4   | Found a frozen archway.
 21210 | Lair:4   | Noticed an ice dragon
 21220 | Lair:4   | Identified Vawnafou's Almanac of Blistering Arcane Weapons
                  | (Sif Muna gifted it to you on level 4 of the Lair of
                  | Beasts)
 21220 | Lair:4   | Received a gift from Sif Muna
 21220 | Lair:4   | Reached XP level 13. HP: 91/113 MP: 3/25
 21263 | Lair:3   | HP: 4/113 [polar bear (28)]
 21265 | Lair:3   | Mangled by a polar bear

Levels and vault maps discovered:
D:1:      dpeg_arrival_prison, layout_rooms
D:2:      layout_loops_ring, tgw_trog
D:3:      cheibrodos_pilgrimage, layout_loops_ring, lemuel_doored_altar,
          serial_park_tiny_pond
D:4:      corexii_shack_village, layout_basic
D:5:      layout_loops_ring, lemuel_blue_sif_altar, first_ration,
          hangedman_decor_push
D:6:      layout_rooms, minmay_temple_entry_mist, minmay_misc_feat_roman,
          minmay_fire_ice_demons, uniq_crazy_yiuf_cottage
D:7:      cheibrodos_two_vegetables, layout_basic, grunt_temple_overflow_open,
          grunt_livestock, hangedman_minor_gate_pass, uniq_menkaure, uniq_pikel,
          uniq_prince_ribbit1
D:8:      layout_basic, fedhas_ov_isle_minmay, makhleb_grotto_becter,
          vehumet_altar_wand_db, enter_ossuary_5,
          grunt_dithmenos_smoke_and_mirrors
D:9:      layout_grid_maze, erik_lair_orcish_takeover, uniq_erolcha
D:10:     layout_loops_ring, chequers_serial_rivers_micro_d
D:11:     layout_roguey, orc_0_dummy, serial_glass, glass_columns_b,
          glass_columns_b, glass_columns_a, glass_columns_b,
          due_unseen_surprise, minmay_strange_pillars, item_on_display_a,
          feat_on_display, grunt_ministairs_13
D:12:     minmay_gate_of_8, layout_rooms, gauntlet_entry_generic, uniq_urug
Temple:   minmay_temple_forest_path
Lair:1:   layout_cave_pods, grunt_megastairs_4, serial_bayou_shore_a,
          infiniplex_staircase_pool_2
Lair:2:   hangedman_what_comes_after_a, layout_long_grid, dummy_snake_entry,
          guppyfry_lair_drakes
Lair:3:   lemuel_slime, layout_loops_ring, shoals_dummy_entry,
          patterned_corridor, minmay_lair_oklob_chamber,
          infiniplex_staircase_pool
Lair:4:   onia_ninara_swampy_vault, layout_regular_city,
          portal_ice_cave_entry_animals_and_master,
          chequers_serial_rivers_small_b

Skill      XL: |  1  2  3  4  5  6  7  8  9 10 11 12 |
---------------+-------------------------------------+-----
Dodging        | 2 3 4 |  4.2
Fighting       | 1 2 3 5 6 8 9 10 | 10.2
Spellcasting   | 3 4 5 6 7 8 |  8.9
Conjurations   | 5 6 7 8 9 10 | 10.9
Hexes          | 1 2 3 4 5 |  5.1
Translocations | 1 3 4 5 |  5.0
Shields        | 4 |  4.2
Invocations    | 1 4 6 |  6.2
Earth Magic    | 5 7 |  7.0
Fire Magic     | 2 6 |  6.0
Stealth        | |  1.7

Action                   |  1- 3 |  4- 6 |  7- 9 | 10-12 | 13-15 || total
-------------------------+-------+-------+-------+-------+-------++-------
Melee: Unarmed           |    10 |       |       |       |       ||    10
       Club              |    17 |       |       |       |       ||    17
       Dagger            |    10 |    44 |    96 |   218 |    11 ||   379
       Tailslap          |     2 |     7 |    11 |    32 |       ||    52
Throw: Boomerang         |       |       |       |     6 |       ||     6
 Cast: Magic Dart        |    66 |    67 |   140 |   569 |       ||   842
       Searing Ray       |     7 |    14 |    43 |   155 |     1 ||   220
       Dazzling Flash    |       |       |     3 |     7 |       ||    10
       Bolt of Magma     |       |       |       |    21 |       ||    21
       Fulminant Prism   |       |       |       |     2 |       ||     2
Invok: Channel Magic     |       |       |       |     1 |       ||     1
 Abil: Breathe Acid      |       |       |     1 |       |       ||     1
Evoke: Wand              |       |       |       |     5 |       ||     5
  Use: Scroll            |     1 |     7 |     7 |    15 |       ||    30
       Potion            |       |       |       |     1 |     1 ||     2
 Stab: Sleeping          |       |     2 |     7 |     2 |       ||    11
       Invisible         |       |       |     1 |       |       ||     1
  Eat: Chunk             |     5 |     6 |     7 |    33 |       ||    51
       Ration            |       |       |     2 |     4 |       ||     6
Armor: Skin              |    23 |    14 |    51 |   175 |    15 ||   278
Dodge: Dodged            |    31 |    54 |    79 |   343 |    19 ||   526
Block: Buckler           |       |       |       |   130 |    17 ||   147

Table legend:
 A = Non-vault XP
 B = Vault XP
 C = Vault XP percentage of total XP
 D = Non-vault monster count
 E = Vault monster count
 F = Vault count percentage of total count
                 A         B        C        D         E       F
            +---------+---------+-------+---------+---------+-------
      Total |   22100 |   16186 |  42.3 |     236 |     167 |  41.4
            +---------+---------+-------+---------+---------+-------
        D:1 |      13 |       5 |  27.8 |       8 |       3 |  27.3
        D:2 |      38 |      24 |  38.7 |      12 |       6 |  33.3
        D:3 |     290 |      95 |  24.7 |      24 |       6 |  20.0
        D:4 |     383 |      24 |   5.9 |      23 |      12 |  34.3
        D:5 |     327 |       0 |   0.0 |       7 |       0 |   0.0
        D:6 |     782 |     102 |  11.5 |      16 |       3 |  15.8
        D:7 |     971 |    2678 |  73.4 |      19 |      20 |  51.3
        D:8 |      46 |      52 |  53.1 |       1 |       2 |  66.7
        D:9 |    2983 |    1803 |  37.7 |      27 |       8 |  22.9
       D:10 |    2796 |       0 |   0.0 |      35 |       0 |   0.0
       D:11 |     375 |      43 |  10.3 |       8 |       1 |  11.1
       D:12 |     254 |       0 |   0.0 |       2 |       0 |   0.0
     Lair:1 |    3314 |    1803 |  35.2 |      14 |       7 |  33.3
     Lair:2 |    4391 |    6414 |  59.4 |      17 |      52 |  75.4
     Lair:3 |    5137 |    1423 |  21.7 |      23 |      17 |  42.5
     Lair:4 |       0 |    1098 | 100.0 |       0 |       5 | 100.0
    Ossuary |       0 |     622 | 100.0 |       0 |      25 | 100.0
            +---------+---------+-------+---------+---------+-------
